 Dungeon Crawl Stone Soup version 0.29.1-4-g47bece8355 (webtiles) character file.

Game seed: 2125777390958910031

417 ChadusMaximus the Caller (level 6, -10/34 HPs)
             Began as a Deep Elf Summoner on Dec 3, 2022.
             Was an Initiate of Sif Muna.
             Mangled by Ijyb
             ... wielding a +2 dagger of distortion
              (11 damage)
             ... on level 5 of the Dungeon.
             The game lasted 00:13:10 (6957 turns).

ChadusMaximus the Caller (Deep Elf Summoner)        Turns: 6957, Time: 00:13:11

Health: -10/34     AC:  3    Str:  5    XL:     6   Next: 61%
Magic:  16/16      EV: 13    Int: 22    God:    Sif Muna [......]
Gold:   220        SH:  0    Dex: 15    Spells: 8/16 levels left

rFire   . . .      SeeInvis .   i - +0 spear
rCold   . . .      Faith    .   (no shield)
rNeg    . . .      Spirit   .   a - +0 robe
rPois   .          Reflect  .   (no helmet)
rElec   .          Harm     .   (no cloak)
rCorr   .          Rampage  .   k - +0 pair of gloves
Will    .....                   (no boots)
Stlth   ++........              (no amulet)
HPRegen 0.11/turn               (no ring)
MPRegen 0.15/turn               (no ring)

@: about to teleport
A: no striking features
a: Renounce Religion


You were on level 5 of the Dungeon.
You worshipped Sif Muna.
Sif Muna was noncommittal.
You visited 1 branch of the dungeon, and saw 5 of its levels.

You collected 220 gold pieces.

Inventory:

Hand Weapons
 i - a +0 spear (weapon)
Armour
 a - a +0 robe (worn)
 j - a +0 ring mail
 k - a +0 pair of gloves (worn)
Wands
 m - a wand of flame (18)
Scrolls
 c - a scroll of teleportation
 e - 5 scrolls of identify {unknown}
 f - 2 scrolls of poison {unknown}
 n - 3 scrolls of immolation {unknown}
 p - a scroll of torment {unknown}
 t - 2 scrolls of amnesia {unknown}
 u - a scroll of fear {unknown}
 v - a scroll of enchant armour {unknown}
Potions
 b - a potion of magic
 d - a potion of flight {unknown}
 h - a potion of mutation {unknown}
 l - 2 potions of degeneration {unknown}
 o - 4 potions of curing {unknown}
 q - a potion of berserk rage {unknown}
 r - 3 potions of haste {unknown}
 s - a potion of invisibility {unknown}
 w - a potion of attraction {unknown}


   Skills:
 - Level 1.0 Fighting
 - Level 1.0 Polearms
 + Level 4.2 Dodging
 - Level 3.3 Stealth
 + Level 5.7 Spellcasting
 + Level 6.1 Summonings


You had 8 spell levels left.
You knew the following spells:

 Your Spells              Type           Power      Damage    Failure   Level
a - Summon Small Mammal   Summ           100%       N/A       1%          1
b - Call Canine Familiar  Summ           33%        N/A       2%          3
c - Summon Lightning Spi  Summ/Air       19%        N/A       26%         4

Your spell library contained the following spells:

 Spells                   Type           Power      Damage    Failure   Level
 Call Imp                 Summ           33%        N/A       1%          2
 Summon Guardian Golem    Hex/Summ       19%        N/A       8%          3
 Ensorcelled Hibernation  Hex/Ice        12%        N/A       14%         2
 Passwall                 Tmut/Erth      5%         N/A       14%         2
 Swiftness                Air            6%         N/A       28%         3
 Passage of Golubria      Tloc           6%         N/A       67%         4
 Silence                  Hex/Air        3%         N/A       95%         5
 Lehudib's Crystal Spear  Conj/Erth      3%         10d2      100%        8


Dungeon Overview and Level Annotations

Branches:
Dungeon (5/15)             Temple (0/1) D:4

Altars:
Elyvilon
Sif Muna

Shops:
D:4 [

Annotations:
D:5 Ijyb


Message History

Ouch! That really hurt!
You are too injured to fight recklessly!
You are too injured to fight recklessly!
Unknown command.
You are too injured to fight recklessly!
Your hound bites Ijyb but does no damage.
Your quokka bites Ijyb but does no damage.
Your quokka barely misses Ijyb.
Your hound bites Ijyb but does no damage.
Ijyb screams, "It's all mine!"
Ijyb attacks as you move away! Ijyb closely misses you.
Your hound bites Ijyb but does no damage.
Your quokka barely misses Ijyb.
Casting: Summon Small Mammal (safe; 1% risk of failure)
Confirm with . or Enter, or press ? or * to list all spells.
Your hound closely misses Ijyb. x2
Ijyb hits you with a +2 dagger of distortion.
* * * LOW HITPOINT WARNING * * *
Space warps around you.
* * * LOW HITPOINT WARNING * * *
You feel much better.
Your bat barely misses Ijyb.
Your quokka barely misses Ijyb.
Your hound bites Ijyb but does no damage.
Ijyb hits you with a +2 dagger of distortion.
Space warps horribly around you!
* * * LOW HITPOINT WARNING * * *
Your bat hits Ijyb but does no damage. Ijyb attacks as you move away!
Ijyb misses you.
Your bat hits Ijyb but does no damage.
Your hound closely misses Ijyb.
Your quokka closely misses Ijyb.
Your hound barely misses Ijyb.
Your bat closely misses Ijyb.
Your bat completely misses Ijyb.
Your quokka barely misses Ijyb.
Your hound bites Ijyb but does no damage.
As you read the scroll of teleportation, it crumbles to dust.
You feel strangely unstable. Ijyb closely misses you.
Ijyb attacks as you move away!
Ijyb hits you with a +2 dagger of distortion.
* * * LOW HITPOINT WARNING * * *
Space warps horribly around you!
You die...

...............
.............#
............#
...........###.
#...........
##..........
###.hr.######
..#.....##....#..#
#.....b..#@<....#
##.##..)hg.##....#
... #..)>..# ...#
......##...# .##
..#... ##### #
##.. ##.


You could see Ijyb (ally target) and a friendly hound (summoned).

Vanquished Creatures
  A necrophage (D:4)
  A scorpion (D:4)
  A dart slug (D:2)
  2 bats
  2 giant cockroaches
  3 hobgoblins
  2 jackals
  3 kobolds
  2 quokkas
  3 ball pythons
  A frilled lizard (D:2)
  2 goblins
23 creatures vanquished.

Vanquished Creatures (collateral kills)
  A scorpion (D:4)
  A hound (D:4)
  Jessica (D:2)
  9 adders
  2 worms
  5 orcs
  4 ball pythons
  4 endoplasms
  4 giant cockroaches
  3 hobgoblins
  6 jackals
  7 kobolds
  5 quokkas
  7 bats
  6 frilled lizards
  4 goblins
  3 rats (D:2)
72 creatures vanquished.

Vanquished Creatures (others)
  2 plants (D:2)
2 creatures vanquished.

Grand Total: 97 creatures vanquished

Notes
Turn   | Place    | Note
-------+----------+-------------------------------------------
     0 | D:1      | ChadusMaximus the Deep Elf Summoner began the quest for the
                  | Orb.
     0 | D:1      | Reached XP level 1. HP: 10/10 MP: 6/6
   312 | D:1      | Reached XP level 2. HP: 14/15 MP: 8/8
   752 | D:1      | Found a faded altar of an unknown god.
   885 | D:1      | Reached skill level 5 in Summonings
  1427 | D:1      | Reached XP level 3. HP: 19/19 MP: 10/10
  2516 | D:2      | Noticed Jessica
  2653 | D:2      | Learned a level 3 spell: Call Canine Familiar
  2926 | D:2      | Reached XP level 4. HP: 10/24 MP: 7/12
  3517 | D:2      | Killed Jessica
  3903 | D:3      | Found a shimmering blue altar of Sif Muna.
  4015 | D:3      | Became a worshipper of Sif Muna the Loreminder
  4099 | D:3      | Reached XP level 5. HP: 27/28 MP: 10/13
  4521 | D:3      | Learned a level 4 spell: Summon Lightning Spire
  4860 | D:3      | Found a white marble altar of Elyvilon.
  4955 | D:4      | Reached skill level 1 in Fighting
  4955 | D:4      | Reached skill level 1 in Polearms
  4955 | D:4      | Reached skill level 5 in Spellcasting
  5042 | D:4      | Found a staircase to the Ecumenical Temple.
  5305 | D:4      | HP: 1/29 [scorpion (4)]
  5311 | D:4      | Reached XP level 6. HP: 17/34 MP: 15/15
  6018 | D:4      | Found Ywkea's Antique Armour Boutique.
  6044 | D:4      | Reached skill level 6 in Summonings
  6896 | D:5      | Entered Level 5 of the Dungeon
  6938 | D:5      | Noticed Ijyb
  6957 | D:5      | HP: 1/34 [Ijyb/+2 dagger of distortion (5)]
  6957 | D:5      | Mangled by Ijyb

Illustrated notes

Levels and vault maps discovered:
D:1:      dpeg_arrival_circle_labyrinth_c, layout_basic,
          ebering_ecumenical_altar_sacrificial
D:2:      layout_basic, st_stairs_3, minmay_stone_trees_small,
          serial_bayou_crossing, uniq_jessica
D:3:      layout_loops_ring, mainiacjoe_overflow_six_doors_small,
          nicolae_elyvilon_temple_path, minmay_cupped
D:4:      layout_basic, minmay_temple_entry_glass, serial_shops,
          nicolae_shop_waterfront, minivault_5, minmay_crossroads
D:5:      layout_cave_pools, mainiacjoe_overflow_two_lobes, uniq_ijyb,
          uniq_grinder

Skill      XL: |  1  2  3  4  5  6 |
---------------+-------------------+-----
Summonings     | 5 6 |  6.1
Spellcasting   | 4 5 |  5.7
Dodging        | 3 4 |  4.2
Stealth        | 3 |  3.3
Fighting       | 1 |  1.0
Polearms       | 1 |  1.0

Action                   |  1- 3 |  4- 6 || total
-------------------------+-------+-------++-------
Melee: Unarmed           |     5 |       ||     5
       Spear             |    19 |   157 ||   176
       Punch             |     2 |     2 ||     4
 Cast: Summon Small Mamm |    62 |    38 ||   100
       Call Canine Famil |     3 |    19 ||    22
  Use: Potion            |     1 |     2 ||     3
       Scroll            |     1 |     1 ||     2
 Stab: Sleeping          |     1 |    10 ||    11
       Distracted        |       |     4 ||     4
Armor: Robe              |    20 |    31 ||    51
Dodge: Dodged            |    78 |    92 ||   170
